 Dungeon Crawl Stone Soup version 0.28-a0-1447-ga5a8893891 (webtiles) character file.

Game seed: 7095912364846748929

60 enile the Gusty (level 3, -1/16 HPs)
             Began as a Felid Air Elementalist on Jan 10, 2022.
             Was a Believer of Sif Muna.
             Slain by a gnoll (5 damage)
             ... on level 5 of the Dungeon.
             The game lasted 00:12:18 (4191 turns).

enile the Gusty (Felid Air Elementalist)            Turns: 4191, Time: 00:12:19

Health: -1/16      AC:  1    Str:  4    XL:     3   Next: 82%
Magic:  3/8        EV: 17    Int: 18    God:    Sif Muna [**....]
Gold:   39         SH:  0    Dex: 16    Spells: 0/8 levels left
                                        Lives:  0   Deaths: 1

rFire   . . .      SeeInvis +   (weapon unavailable)
rCold   . . .      Faith    .   (shield unavailable)
rNeg    . . .      Spirit   .   (armour unavailable)
rPois   .          Reflect  .   (helmet unavailable)
rElec   .          Harm     .   (cloak unavailable)
rCorr   .          Rampage  .   (gloves unavailable)
Will    .....                   (boots unavailable)
Stlth   ++........              (no amulet)
HPRegen 0.05/turn               (no ring)
MPRegen 0.11/turn               (no ring)

@: swift (expiring), very quick
A: very small, claws 1, fangs 3, see invisible, speed 1, shaggy fur 1, stealthy
paws, no weapons or thrown items, no armour, multi-lived
a: Renounce Religion, Channel Magic


You were on level 5 of the Dungeon.
You worshipped Sif Muna.
Sif Muna was pleased with you.
You visited 1 branch of the dungeon, and saw 4 of its levels.

You collected 39 gold pieces.

Inventory:

Jewellery
 g - a +6 ring of strength
Scrolls
 b - a scroll of enchant weapon
 d - 2 scrolls of identify {unknown}
Potions
 a - 2 potions of heal wounds {unknown}


   Skills:
 - Level 2.0 Fighting
 - Level 3.0 Dodging
 - Level 3.0 Stealth
 - Level 3.0 Spellcasting
 - Level 1.0 Conjurations
 + Level 3.5 Air Magic
 - Level 1.0 Invocations


You couldn't memorise any spells.
You knew the following spells:

 Your Spells              Type           Power      Damage    Failure   Level
a - Shock                 Conj/Air       40%        1d5       6%          1
b - Swiftness             Air            15%        N/A       12%         3
c - Airstrike             Air            7%         N/A       36%         4

Your spell library contained the following spells:

 Spells                   Type           Power      Damage    Failure   Level
 Static Discharge         Conj/Air       10%        N/A       10%         2
 Poisonous Vapours        Pois/Air       18%        N/A       12%         2
 Animate Skeleton         Necr           4%         N/A       16%         1
 Sting                    Tmut/Pois      8%         1d3       16%         1
 Inner Flame              Hex/Fire       2%         N/A       43%         3
 Cause Fear               Hex            1%         N/A       85%         4
 Olgreb's Toxic Radiance  Pois           2%         N/A       85%         4
 Discord                  Hex            1%         N/A       100%        8


Dungeon Overview and Level Annotations

Branches:
Dungeon (3/15)

Altars:
Kikubaaqudgha
Sif Muna


Innate Abilities, Weirdness & Mutations

You have sharp claws.
You have razor-sharp teeth.
You have supernaturally acute eyesight. (SInv)
You cover ground quickly. (Speed+)
You are covered in fur. (AC +1)
Your paws help you pounce on unaware monsters.
You are incapable of wielding weapons or throwing items.
You cannot wear armour.
You gain extra lives every three experience levels.


Message History

You aren't experienced enough to cast this spell.
Casting: Shock (safe; 6% risk of failure)
Confirm with . or Enter, or press ? or * to list all spells.
You feel quick.
Casting: Swiftness (extremely dangerous; 12% risk of failure)
Confirm with . or Enter, or press ? or * to list all spells.
Okay, then.
Casting: Swiftness (extremely dangerous; 12% risk of failure)
Confirm with . or Enter, or press ? or * to list all spells.
Aiming: Shock (safe; 6% risk of failure)
Press: ? - help, Shift-Dir - straight line, f - gnoll
Aim: a gnoll, wielding a +0 club (72% to hit)
The zap hits the withered plant.
The withered plant begins to crumble.
The withered plant is lightly damaged.
The zap hits the gnoll but does no damage.
Casting: Shock (safe; 6% risk of failure)
Confirm with . or Enter, or press ? or * to list all spells.
Aiming: Shock (safe; 6% risk of failure)
Press: ? - help, Shift-Dir - straight line, f/p - gnoll
Aim: a gnoll, wielding a +0 club (72% to hit)
The zap hits the gnoll.
The gnoll is lightly wounded.
Casting: Shock (safe; 6% risk of failure)
Confirm with . or Enter, or press ? or * to list all spells.
Aiming: Shock (safe; 6% risk of failure)
Press: ? - help, Shift-Dir - straight line, f/p - gnoll
Aim: a gnoll, wielding a +0 club (lightly wounded, 72% to hit)
The zap hits the gnoll.
The gnoll is moderately wounded.
The withered plant crumbles away.
A gnoll comes into view. It is wielding a +0 spear.
You start to feel a little slower.
A gnoll comes into view. It is wielding a +0 spear.
The gnoll hits you with a +2 flail of protection!
Ouch! That really hurt!
* * * LOW HITPOINT WARNING * * *
Found a scale mail.
There is a stone staircase leading up here.
The gnoll hits you with a +0 club.
You die...

..#...........,......,,,,,****,,*
............#*.........*,,,**,,,*
.....##....[#*#.......#*,**,,,,,,
......#....###........##***,,**,,
....#..................# *,,****
......###†...P#........#* *,,,*,,
......#.#......#........***,,,,,,
......#........#........,**,,,,,,
......#....#gPgP@....##,,,,,,,,,,
#.....#._..##..g....[...,,**,,,,,
......#....#.g.P........,,***,,,,
#.....#.......P<........,,****,,,
#.....#.#.P.$..........#,,,* *,,,
...##.###PP...........##*,,* **,,
,,,**,,P.............## **,** *,,
,,,,,,,.............## *,,***,,
***,,,,,###.........#* **,,,,*,


You could see 4 gnolls.

Vanquished Creatures
  3 adders
  4 worms
  2 dart slugs
  6 orcs
  7 bats
  5 endoplasms
  3 giant cockroaches (D:2)
  4 goblins
  9 hobgoblins
  3 jackals (D:3)
  A quokka (D:1)
  A ball python (D:2)
  2 frilled lizards (D:1)
  10 kobolds
  6 rats
66 creatures vanquished.

Vanquished Creatures (others)
  A plant (D:1)
  2 withered plants (D:5)
3 creatures vanquished.

Grand Total: 69 creatures vanquished

Notes
Turn   | Place    | Note
-------+----------+-------------------------------------------
     0 | D:1      | enile the Felid Air Elementalist began the quest for the
                  | Orb.
     0 | D:1      | Reached XP level 1. HP: 7/7 MP: 4/4
    82 | D:1      | Reached skill level 1 in Fighting
   346 | D:1      | Reached XP level 2. HP: 11/12 MP: 0/6
   526 | D:1      | Found a faded altar of an unknown god.
   534 | D:1      | Got Plato's Almanac of Sinister Secrets
   535 | D:1      | Prayed at the altar of an unknown god.
   535 | D:1      | Became a worshipper of Sif Muna the Loreminder
   535 | D:1      | Reached * piety under Sif Muna
  1159 | D:2      | Reached XP level 3. HP: 16/16 MP: 4/7
  1163 | D:2      | Learned a level 3 spell: Swiftness
  1194 | D:2      | Reached skill level 1 in Conjurations
  1777 | D:2      | Reached ** piety under Sif Muna
  2230 | D:2      | Reached XP level 4. HP: 19/19 MP: 4/9
  2424 | D:2      | Learned a level 4 spell: Airstrike
  2680 | D:3      | Reached skill level 1 in Invocations
  3892 | D:3      | You fall into a shaft and drop 2 floors!
  3892 | D:5      | Entered Level 5 of the Dungeon
  4113 | D:5      | Noticed a centaur warrior zombie
  4122 | D:5      | Slain by a centaur warrior zombie
  4123 | D:5      | Reached XP level 3. HP: -1/16 MP: 7/8
  4129 | D:5      | Found an ancient bone altar of Kikubaaqudgha.
  4191 | D:5      | Slain by a gnoll

Illustrated notes

Levels and vault maps discovered:
D:1:      sevenhm_arrival_forest_fort_small_3, layout_basic,
          shapermc_ecumenical_altar_rom_forum
D:2:      layout_loops_ring, serial_park_tiny_2, minmay_circle_x
D:3:      layout_basic, uniq_sigmund
D:5:      layout_layer_cave, kiku_gazebo_garden_becter, serial_bayou_pond_c,
          uniq_prince_ribbit1

Skill      XL: |  1  2  3  4 |
---------------+-------------+-----
Fighting       | 1 2 |  2.0
Dodging        | 3 |  3.0
Stealth        | 3 |  3.0
Air Magic      | 3 |  3.5
Conjurations   | 1 |  1.0
Spellcasting   | 3 |  3.0
Invocations    | 1 |  1.0

Action                   |  1- 3 |  4- 6 || total
-------------------------+-------+-------++-------
Melee: Unarmed           |    10 |     8 ||    18
       Punch             |     1 |       ||     1
       Bite              |       |     3 ||     3
 Cast: Shock             |   115 |    40 ||   155
       Swiftness         |     1 |     2 ||     3
       Airstrike         |       |     6 ||     6
  Use: Scroll            |     1 |     3 ||     4
 Stab: Sleeping          |     1 |       ||     1
Armor: Skin              |     2 |       ||     2
Dodge: Dodged            |    21 |    10 ||    31

Table legend: (Time is in decaauts)
 A = Elapsed time spent in this place.
 B = Non-inter-level travel time spent in this place.
 C = Inter-level travel time spent in this place.
 D = Time resting spent in this place.
 E = Time spent auto-exploring this place.
 F = Levels seen in this place.
 G = Mean time per level.
                   A        B        C        D        E       F      G
               +--------+--------+--------+--------+--------+-----+--------+
         Total |   3796 |   3740 |     56 |     62 |   3209 |   4 |  949.0 |
       Dungeon |   3796 |   3740 |     56 |     62 |   3209 |   4 |  949.0 |
               +--------+--------+--------+--------+--------+-----+--------+

Top non-repeatable levels by time:
     D:3: 1338 daAuts
     D:2: 1182 daAuts
     D:1: 1005 daAuts
     D:5: 269 daAuts
